Map: Kairos Junction LE

Players

Shino

  • Race: Zerg Zerg
  • League: Grandmaster
  • Spawn Location: 5:00

Lambo - Winner!

  • Race: Zerg Zerg
  • League: Grandmaster
  • Spawn Location: 11:00

VOD

Have the link to the VOD?

Description

Time

  • Played on: Jan. 12, 2019, 1:34 p.m.
  • Length: 17:21
Show
View Real Time Build Order
Export as new Build Order

Shino Zerg 

Build Orders: Pool First 

Get SALT Encoding   

  12  0:17  Spawning Pool  
  11  0:24  Drone  
  11  0:27  Drone  
  13  0:31  Drone  
  14  0:40  Overlord  
  14  1:03  Zergling x4  
  16  1:07  Zergling x2  
  16  1:10  Extractor  
  16  1:18  Zergling x2  
  17  1:21  Hatchery  
  16  1:29  Zergling x2  
  17  1:40  Zergling x2  
  18  1:47  Queen  
  20  2:10  Zergling x4  
  22  2:28  Overlord  
  22  2:32  Queen  
  22  2:34  Metabolic Boost  
  24  2:38  Drone  
  24  2:40  Drone  
  26  2:45  Drone  
  26  2:48  Drone  
  28  2:52  Drone  
  29  2:59  Drone  
  29  3:02  Drone  
  30  3:07  Drone x2  
  30  3:12  Drone  
  30  3:13  Drone  
  30  3:19  Drone  
  32  3:24  Zergling x2  
  33  3:28  Zergling x2  
  33  3:33  Zergling x2  
  35  3:38  Zergling x2  
  31  3:42  Zergling x6  
  31  3:43  Zergling x4  
  31  3:45  Zergling x2  
  34  3:49  Zergling x2  
  35  3:55  Zergling x2  
  34  4:05  Queen  
  36  4:13  Overlord  
  36  4:30  Queen, Drone  
  37  4:34  Drone x3  
  37  4:35  Drone  
  37  4:37  Drone  
  40  4:41  Drone  
  40  4:47  Drone  
  35  4:53  Drone  
  35  4:59  Evolution Chamber, Drone  
  36  5:03  Zergling x2  
  36  5:06  Queen, Roach Warren  
  39  5:07  Zergling x2  
  39  5:14  Drone  
  40  5:19  Zergling x2  
  41  5:27  Evolution Chamber  
  38  5:29  Zergling x8  
  38  5:30  Zergling x2  
  37  5:44  Queen x2  
  37  5:48  Zerg Missile Weapons Level 1  
  37  5:49  Drone x3  
  43  5:50  Drone  
  43  5:51  Drone  
  43  5:53  Drone  
  43  6:02  Drone  
  43  6:07  Overlord  
  43  6:20  Lair, Hatchery  
  42  6:27  Drone x4  
  42  6:32  Extractor x2  
  44  6:33  Drone  
  44  6:37  Drone  
  46  6:42  Drone  
  46  6:44  Queen  
  49  6:49  Drone  
  49  6:53  Drone x2  
  52  6:56  Overlord x4  
  51  7:06  Extractor  
  49  7:14  Drone x3  
  52  7:19  Glial Reconstitution  
  52  7:23  Roach x2  
  52  7:26  Roach x3  
  52  7:27  Roach x3  
  68  7:39  Overlord  
  68  7:41  Drone x2  
  68  7:43  Drone  
  71  7:45  Drone x2  
  71  7:49  Overseer  
  72  7:54  Drone x3  
  72  7:57  Drone x3  
  78  8:03  Roach, Drone x2  
  82  8:06  Zerg Ground Armor Level 1  
  82  8:07  Zerg Missile Weapons Level 2  
  82  8:11  Overlord  
  82  8:13  Queen  
  82  8:19  Roach x2  
  88  8:20  Roach  
  88  8:23  Overlord  
  90  8:34  Overlord x2  
  90  8:35  Extractor  
  90  8:37  Queen x2  
  93  8:41  Nydus Network  
  92  8:48  Spore Crawler  
  92  8:49  Spore Crawler x2  
  92  8:54  Roach x2  
  92  8:55  Roach x2  
  97  8:58  Roach x2  
  101  9:03  Overlord  
  101  9:12  Queen  
  101  9:14  Roach x2  
  101  9:15  Roach x3  
  113  9:18  Nydus Canal  
  113  9:23  Queen  
  111  9:29  Roach x4  
  119  9:35  Roach  
  120  9:46  Queen  
  122  9:53  Spore Crawler  
  122  9:56  Overlord  
  122  9:59  Queen  
  121  10:14  Queen  
  121  10:20  Roach  
  121  10:21  Roach x6  
  129  10:28  Queen  
  129  10:29  Spore Crawler  
  129  10:30  Overlord  
  129  10:31  Overlord  
  128  10:48  Queen  
  128  10:49  Drone  
  132  10:50  Drone x4  
  132  10:52  Extractor  
  132  11:00  Drone x2  
  132  11:01  Tunneling Claws, Burrow  
  132  11:02  Zerg Ground Armor Level 2  
  132  11:03  Roach x2  
  134  11:09  Hatchery  
  131  11:15  Roach x3  
  137  11:22  Overlord x3  
  137  11:23  Overlord  
  136  11:35  Ravager x2  
  138  11:42  Ravager x11  
  138  11:43  Roach x3  
  138  11:44  Roach x4  
  138  11:46  Overlord  
  163  11:47  Roach  
  163  11:52  Roach  
  163  11:53  Roach  
  169  11:58  Overlord x2  
  169  12:27  Spore Crawler  
  162  12:34  Roach x10  
  174  12:42  Roach  
  174  12:43  Roach x2  
  179  12:46  Roach x2  
  183  13:07  Roach  
  183  13:09  Overlord x4  
  185  13:20  Hydralisk Den  
  185  13:24  Roach  
  183  13:33  Overseer  
  176  14:02  Hydralisk x12  
  176  14:03  Hydralisk  
  176  14:04  Grooved Spines  
  180  14:18  Hatchery  
  154  14:25  Hydralisk x7  
  161  14:33  Lurker Den  
  161  14:38  Hydralisk x5  
  151  14:41  Roach x12  
  161  14:48  Roach x2  
  161  14:49  Roach, Ravager x2  
  161  14:50  Ravager  
  170  14:58  Roach x2  
  170  14:59  Roach  
  176  15:03  Roach x3  
  176  15:04  Roach x8  
  176  15:12  Roach x5  
  186  15:14  Overseer  
  186  15:15  Overseer  
  186  15:16  Muscular Augments  
  186  15:18  Roach x3  
  191  15:27  Roach x2  
  178  15:28  Roach x2  
  178  15:29  Roach x2  
  178  15:31  Roach  
  170  15:45  Roach  
  170  15:49  Roach x2, Hatchery  
  169  15:53  Overseer  
  160  16:04  Ravager x3  
  148  16:12  Roach x7  
  148  16:13  Roach x2  
  157  16:24  Roach x3  
  157  16:25  Roach  
  153  16:32  Roach  
  68  16:56  Roach x5  
Show
View Real Time Build Order
Export as new Build Order

Lambo Zerg - Winner!

Build Orders: Pool First, Lurkers 

Get SALT Encoding   

  12  0:16  Spawning Pool  
  11  0:21  Drone  
  11  0:26  Drone  
  13  0:31  Drone  
  14  0:40  Overlord  
  14  1:03  Zergling x4  
  16  1:05  Zergling x2  
  17  1:15  Zergling x2  
  18  1:19  Hatchery  
  17  1:26  Zergling x2  
  18  1:33  Queen  
  18  1:39  Drone  
  21  1:55  Drone  
  22  2:05  Overlord  
  22  2:15  Queen, Spine Crawler  
  22  2:26  Spine Crawler  
  22  2:28  Drone x2  
  23  2:32  Queen  
  25  2:37  Zergling x2  
  25  2:41  Zergling x2  
  27  2:45  Zergling x2  
  27  2:48  Zergling x2  
  29  2:56  Zergling x4  
  30  3:09  Drone x2  
  32  3:16  Drone x2  
  34  3:22  Drone x2  
  34  3:27  Overlord  
  36  3:39  Drone  
  36  3:40  Drone  
  35  3:42  Drone  
  35  3:45  Overlord  
  35  3:49  Drone x2  
  35  3:50  Drone  
  35  3:51  Drone x2  
  41  3:55  Drone  
  41  4:00  Drone  
  41  4:01  Drone  
  39  4:05  Drone x2  
  39  4:07  Extractor  
  39  4:08  Extractor  
  39  4:13  Evolution Chamber  
  39  4:15  Roach Warren  
  37  4:27  Zergling x12  
  39  4:36  Zergling x6  
  29  4:57  Drone  
  30  5:03  Drone  
  32  5:07  Drone  
  32  5:12  Drone  
  33  5:18  Drone  
  34  5:22  Drone  
  34  5:24  Drone  
  34  5:25  Drone  
  35  5:31  Drone  
  36  5:38  Drone x2  
  36  5:39  Drone  
  36  5:42  Drone  
  38  5:49  Drone x2  
  40  5:52  Zerg Missile Weapons Level 1  
  38  6:01  Lair  
  34  6:06  Drone x3  
  34  6:08  Drone  
  38  6:17  Queen, Drone  
  41  6:19  Drone  
  42  6:27  Extractor  
  42  6:28  Overlord  
  42  6:31  Roach  
  43  6:37  Extractor  
  43  6:38  Roach  
  44  6:41  Roach  
  46  6:50  Drone  
  46  6:53  Queen  
  49  7:02  Glial Reconstitution  
  49  7:03  Spire  
  48  7:11  Drone  
  49  7:16  Drone x2  
  49  7:17  Drone  
  52  7:25  Drone x2  
  52  7:26  Hatchery  
  52  7:27  Overseer  
  53  7:40  Drone  
  53  7:42  Overlord, Roach  
  53  7:43  Roach x2  
  60  7:51  Overlord  
  60  7:52  Overlord  
  60  8:01  Overlord  
  60  8:03  Drone x3  
  60  8:04  Drone x3  
  66  8:06  Roach  
  68  8:22  Mutalisk x2  
  68  8:24  Zerg Flyer Weapons Level 1  
  72  8:28  Mutalisk x2  
  76  8:36  Mutalisk x5  
  86  8:48  Queen  
  86  8:50  Overseer  
  86  8:54  Extractor  
  86  8:55  Extractor  
  86  9:00  Overlord  
  86  9:03  Mutalisk x2  
  86  9:05  Roach x4  
  98  9:11  Overlord  
  98  9:15  Overlord  
  98  9:18  Overlord  
  98  9:21  Overlord  
  98  9:23  Overlord  
  102  9:32  Roach  
  102  9:33  Roach x5  
  102  9:38  Roach  
  112  9:42  Roach  
  114  9:49  Roach x8  
  114  9:52  Ravager x2  
  132  9:59  Overlord  
  132  10:00  Roach x3  
  132  10:02  Ravager  
  132  10:06  Roach x2  
  143  10:09  Overlord  
  143  10:10  Roach  
  145  10:18  Roach x3  
  145  10:22  Roach  
  145  10:23  Roach  
  145  10:28  Zerg Missile Weapons Level 2  
  149  10:33  Roach x3  
  155  10:40  Roach x2  
  155  10:41  Roach  
  161  10:46  Roach  
  161  10:48  Overlord  
  161  10:49  Overlord  
  159  10:58  Ravager  
  160  11:05  Overlord  
  160  11:06  Overlord  
  160  11:07  Overlord  
  160  11:10  Overlord  
  160  11:13  Drone x2  
  160  11:14  Roach x2  
  160  11:15  Ravager  
  160  11:16  Ravager x3  
  170  11:21  Roach x2  
  170  11:24  Roach  
  170  11:25  Ravager  
  177  11:33  Drone x5  
  177  11:38  Mutalisk x2  
  186  11:46  Mutalisk  
  188  11:50  Drone x4  
  192  11:59  Mutalisk x2  
  194  12:11  Roach x3  
  200  12:15  Hydralisk Den  
  200  12:18  Overlord  
  200  12:19  Roach  
  199  12:26  Overlord  
  193  12:30  Roach x4  
  193  12:33  Roach x2  
  197  12:37  Overseer  
  195  12:47  Lurker Den  
  192  12:53  Hatchery  
  192  12:58  Overseer  
  191  13:03  Zerg Ground Armor Level 1  
  191  13:04  Drone x2  
  193  13:08  Hydralisk  
  193  13:09  Hydralisk x2  
  199  13:15  Pneumatized Carapace  
  199  13:36  Overseer  
  199  13:43  Extractor  
  199  13:44  Extractor  
  199  13:45  Overseer  
  187  14:09  Hydralisk x2  
  182  14:10  Hydralisk x7  
  196  14:19  Hydralisk x2  
  192  14:47  Lurker x5  
  192  14:50  Lurker x3  
  200  15:01  Hatchery  
  199  15:10  Overlord  
  199  15:12  Extractor  
  199  15:13  Extractor  
  175  15:29  Hydralisk x3  
  175  15:32  Drone x5  
  175  15:33  Drone x20  
  179  15:46  Roach x3  
  183  15:52  Roach, Hydralisk  
  183  15:53  Roach x2  
  189  15:59  Infestation Pit  
  189  16:02  Roach x3  
  175  16:11  Roach x5  
  175  16:15  Queen  
  175  16:18  Roach x2  
  175  16:23  Roach x5  
  176  16:31  Roach x2  
  169  16:35  Roach x2  
  169  16:39  Roach x2  
  166  16:46  Roach x5  
  153  16:49  Roach x3  
  153  16:51  Roach  
  134  16:54  Roach  
  134  16:59  Roach x2  
  125  17:13  Lurker  
Tags
 
Add a new tag
Caveats
  • Supply blocks, unpowered buildings, or Contaminate may cause inaccurate times.
  • Supply counts are checked every 10 seconds.